Map: King's Cove LE

Players

llllllllllll - Winner!

  • Race: Terran Terran
  • League: Diamond
  • Spawn Location: 11:00

lllllllllll

  • Race: Terran Terran
  • League: Diamond
  • Spawn Location: 5:00

VOD

Have the link to the VOD?

Description

Time

  • Played on: April 25, 2025, 8:46 a.m.
  • Length: 3:58
Show
View Real Time Build Order
Export as new Build Order

llllllllllll Terran - Winner!

Build Orders:  

Get SALT Encoding   

  12  0:00  SCV  
  13  0:12  SCV  
  14  0:18  Supply Depot  
  14  0:25  SCV  
  15  0:30  Refinery  
  15  0:40  SCV  
  16  0:53  Barracks  
  16  1:05  Barracks  
  16  1:22  Barracks  
  16  1:29  Refinery  
  16  1:40  Reaper  
  17  1:52  Reaper  
  18  1:55  Orbital Command  
  18  2:09  Reaper  
  18  2:12  Reaper  
  20  2:21  SCV  
  21  2:25  Reaper  
  22  2:34  SCV  
  23  2:41  Reaper  
  24  2:47  Reaper  
  25  2:57  Reaper  
  26  3:03  SCV  
  26  3:13  Reaper  
  26  3:14  Supply Depot  
  26  3:15  SCV  
  26  3:19  Reaper  
  27  3:46  SCV  
Show
View Real Time Build Order
Export as new Build Order

lllllllllll Terran 

Build Orders: Cyclone Opening 

Get SALT Encoding   

  12  0:01  SCV  
  13  0:14  SCV  
  14  0:18  Supply Depot  
  14  0:26  SCV  
  15  0:40  Barracks  
  15  0:43  SCV  
  15  0:48  Refinery  
  16  0:55  SCV  
  17  1:00  Refinery  
  17  1:07  SCV  
  18  1:19  SCV  
  19  1:31  Orbital Command  
  19  1:39  Factory  
  19  1:42  Barracks Tech Lab  
  19  1:49  Supply Depot  
  19  1:57  SCV  
  21  2:09  SCV  
  21  2:21  SCV  
  22  2:29  Cyclone  
  25  2:33  SCV  
  24  2:45  SCV  
  22  3:01  Cyclone  
  20  3:15  SCV  
Tags
 
Matchup
TvT
Race
Terran
Replay Pack
kreditionep2
Spawn Locations
Cross Positions
Add a new tag
Caveats
  • Supply blocks, unpowered buildings, or Contaminate may cause inaccurate times.
  • Supply counts are checked every 10 seconds.